 Dungeon Crawl Stone Soup version 0.23-a0-100-g33897af (webtiles) character file.

151 GrunderHorse the Slasher (level 5, 0/32 HPs)
             Began as a Tengu Monk on Aug 18, 2018.
             Slain by a wight
             ... wielding a cursed +0 trident
              (2 damage)
             ... on level 2 of the Dungeon.
             The game lasted 00:02:17 (983 turns).

GrunderHorse the Slasher (Tengu Monk)                Turns: 983, Time: 00:02:17

Health: 0/32       AC: 14    Str: 16    XL:     5   Next: 33%
Magic:  6/6        EV:  0    Int: 10    God:
Gold:   50         SH:  0    Dex: 17    Spells: 4/4 levels left

rFire    . . .     SeeInvis .   v - +2 scimitar
rCold    . . .     Gourm    +   (no shield)
rNeg     . . .     Faith    .   r - +0 crystal plate armour
rPois    .         Spirit   .   (helmet restricted)
rElec    .         Reflect  .   (no cloak)
rCorr    .         Harm     .   (no gloves)
MR       .....                  (boots unavailable)
Stlth    ..........             k - amulet of the gourmand
HPRegen  0.10/turn              i - +4 ring of strength
MPRegen  0.10/turn              (no ring)

@: heavily drained
A: beak, talons 3, able to fly 1
a: Fly


You were on level 2 of the Dungeon.
You were very full.

You visited 1 branch of the dungeon, and saw 2 of its levels.

You collected 50 gold pieces.

Inventory:

Hand Weapons
 a - a +0 falchion
 v - a +2 scimitar (weapon)
Armour
 b - a +0 robe
 n - a cursed +0 ring mail
 r - a +0 crystal plate armour (worn)
Jewellery
 i - a +4 ring of strength (left hand)
 k - an amulet of the gourmand (around neck)
Scrolls
 d - a scroll of enchant armour {unknown}
 m - 2 scrolls of remove curse {unknown}
 o - a scroll of immolation {unknown}
 p - a scroll of teleportation {unknown}
 q - a scroll of enchant weapon {unknown}
 u - a scroll of identify {unknown}
Potions
 e - 2 potions of might {unknown}
 f - a potion of flight {unknown}
 g - 2 potions of heal wounds {unknown}
 h - a potion of mutation {unknown}
 j - a potion of lignification {unknown}
 l - 2 potions of invisibility {unknown}
 s - a potion of magic {unknown}
 t - a potion of brilliance {unknown}
Comestibles
 c - 3 rations


   Skills:
 - Level 3.0(1.8) Fighting
 + Level 6.1(4.8) Long Blades
 + Level 0.5(0.0) Armour
 - Level 3.6(2.4) Dodging
 - Level 2.0(0.8) Stealth


You had 4 spell levels left.
You didn't know any spells.
Your spell library was empty.

Dungeon Overview and Level Annotations

Branches:
Dungeon (2/15)

Altars:
Ashenzari
Cheibriados
Dithmenos
Makhleb
Nemelex Xobeh
Okawaru
Ru
The Shining One


Innate Abilities, Weirdness & Mutations

You have a beak for a mouth.
You have claws for feet.
You can fly.


Message History

The wight is almost destroyed.
The wight hits you but does no damage. x2
You closely miss the wight. You claw the wight.
You destroy the wight!
Your base Long Blades skill increases to level 6!
You have reached level 5!
You have gained the ability to fly.
The wight hits you from afar with a trident!
* * * LOW HITPOINT WARNING * * *
You feel drained.
* * * LOW HITPOINT WARNING * * *
The wight hits you with a trident.
* * * LOW HITPOINT WARNING * * *
You feel drained.
Things that are here:
a battleaxe; a robe x2
You hit the wight but do no damage. You claw the wight. You peck the wight.
The wight is almost destroyed.
The wight hits you with a trident.
You die...

........#######
...# .....##.#
...# ........#
#...# ....#...
....# ...## ..
....# ..## .
....# ..#
##....# ######
#z†# ......
#@## ###### #.#
# #.# # #.# #
#.# # ##.# ## .
##..# .# ##. #.
#..## .# #..
#.# #.##


You could see a wight.

Vanquished Creatures
  2 wights (D:2)
  3 adders (D:2)
  A leopard gecko (D:2)
  5 bats
  4 giant cockroaches
  8 hobgoblins
  2 frilled lizards
  5 goblins
  6 kobolds
  6 rats
42 creatures vanquished.

Notes
Turn   | Place    | Note
-------+----------+-------------------------------------------
     0 | D:1      | GrunderHorse the Tengu Monk began the quest for the Orb.
     0 | D:1      | Reached XP level 1. HP: 14/14 MP: 2/2
   107 | D:1      | Reached XP level 2. HP: 16/19 MP: 3/3
   417 | D:1      | Reached skill level 4 in Long Blades
   622 | D:2      | Found an iron altar of Okawaru.
   632 | D:2      | Reached XP level 3. HP: 20/23 MP: 4/4
   769 | D:2      | Found a sacrificial altar of Ru.
   770 | D:2      | Found a glowing golden altar of the Shining One.
   770 | D:2      | Found a burning altar of Makhleb.
   770 | D:2      | Found a shattered altar of Ashenzari.
   770 | D:2      | Found a sparkling altar of Nemelex Xobeh.
   770 | D:2      | Found a shadowy altar of Dithmenos.
   771 | D:2      | Found a snail-covered altar of Cheibriados.
   836 | D:2      | Reached skill level 5 in Long Blades
   836 | D:2      | Reached XP level 4. HP: 27/28 MP: 5/5
   981 | D:2      | Reached skill level 6 in Long Blades
   981 | D:2      | Gained mutation: You can fly. [Tengu growth]
   981 | D:2      | Reached XP level 5. HP: 17/32 MP: 6/6
   983 | D:2      | Slain by a wight

Vault maps used:
D:1:      minmay_arrival_cross, minmay_strange_pillars
D:2:      grunt_temple_overflow_open, okawaru_gym_becter

Skill      XL: |  1  2  3  4 |
---------------+-------------+-----
Long Blades    | 4 5 6 |  6.1
Fighting       | |  3.0
Armour         | |  0.5
Dodging        | |  3.6
Stealth        | |  2.0

Action                   |  1- 3 |  4- 6 || total
-------------------------+-------+-------++-------
Melee: Falchion          |    64 |    21 ||    85
       Kick              |    20 |    11 ||    31
       Peck              |     8 |     5 ||    13
       Scimitar          |       |     8 ||     8
 Stab: Sleeping          |     3 |       ||     3
  Eat: Chunk             |     7 |       ||     7
Armor: Crystal plate arm |    34 |    27 ||    61
       Robe              |     4 |       ||     4
Dodge: Dodged            |    24 |       ||    24
       Rpst.: Falchion   |     8 |       ||     8

Table legend:
 A = Non-vault XP
 B = Vault XP
 C = Vault XP percentage of total XP
 D = Non-vault monster count
 E = Vault monster count
 F = Vault count percentage of total count
                 A         B        C        D         E       F
            +---------+---------+-------+---------+---------+-------
      Total |     216 |       0 |   0.0 |      42 |       0 |   0.0
            +---------+---------+-------+---------+---------+-------
        D:1 |      31 |       0 |   0.0 |      20 |       0 |   0.0
        D:2 |     185 |       0 |   0.0 |      22 |       0 |   0.0
            +---------+---------+-------+---------+---------+-------
